 Dungeon Crawl Stone Soup version 0.24.0-125-gc4c63601f3 (webtiles) character file.

Game seed: 5019923629868668007, levelgen mode: deterministic

10784 Frank2 the Basher (level 11, -1/84 HPs)
             Began as a Demonspawn Gladiator on Mar 21, 2020.
             Was an Elder of Fedhas.
             Slain by a yak (9 damage)
             ... on level 10 of the Dungeon.
             The game lasted 00:22:03 (12203 turns).

Frank2 the Basher (Demonspawn Gladiator)           Turns: 12203, Time: 00:22:04

Health: -1/84      AC: 24    Str: 14    XL:     11   Next: 40%
Magic:  16/16      EV:  9    Int: 10    God:    Fedhas [****..]
Gold:   284        SH:  0    Dex: 23    Spells: 10/10 levels left

rFire    + . .     SeeInvis .   k - +6 flail "Monleda" {venom, rC+}
rCold    + . .     Gourm    .   (no shield)
rNeg     . . .     Faith    .   p - +1 chain mail
rPois    .         Spirit   .   c - +2 helmet
rElec    +         Reflect  .   m - +2 cloak
rCorr    .         Harm     .   D - +1 pair of gloves
MR       .....                  (no boots)
Stlth    ..........             (no amulet)
HPRegen  0.24/turn              F - ring of protection from fire
MPRegen  0.15/turn              s - +5 ring of dexterity

@: no status effects
A: thin metallic scales 3, demonic guardian 1, nightstalker 1
a: Wall of Briars, Grow Ballistomycete, Overgrow, Renounce Religion


You were on level 10 of the Dungeon.
You worshipped Fedhas.
Fedhas was greatly pleased with you.
You were not hungry.

You visited 2 branches of the dungeon, and saw 11 of its levels.
You also visited: Ossuary.

You collected 530 gold pieces.
You spent 246 gold pieces at shops.

Inventory:

Hand Weapons
 k - the +6 flail "Monleda" (weapon) {venom, rC+}
   (You bought it in a shop on level 8 of the Dungeon)

   It poisons the flesh of those it strikes.
   It protects you from cold.
 y - a +0 eveningstar
Missiles
 d - 3 throwing nets (quivered)
Armour
 c - a +2 helmet (worn)
 m - a +2 cloak (worn)
 p - a +1 chain mail (worn)
 D - a +1 pair of gloves (worn)
Jewellery
 a - an uncursed ring of protection from cold
 l - an uncursed ring of protection from cold
 s - a +5 ring of dexterity (right hand)
 v - an uncursed ring of flight
 F - a ring of protection from fire (left hand)
 J - an uncursed ring of protection from fire
Wands
 n - a wand of iceblast (7)
 r - a wand of disintegration (13)
 z - a wand of flame (19)
Scrolls
 o - 2 scrolls of remove curse
 t - a scroll of holy word {unknown}
 w - a scroll of blinking
 x - 4 scrolls of teleportation
 A - 2 scrolls of fog
 E - 3 scrolls of magic mapping
Potions
 e - 2 potions of haste
 g - a potion of agility
 h - 3 potions of heal wounds
 i - a potion of resistance
 j - 3 potions of curing
 q - 2 potions of lignification
 u - a potion of cancellation {unknown}
 B - 3 potions of berserk rage {unknown}
 C - 2 potions of mutation {unknown}
 H - 2 potions of flight {unknown}
Comestibles
 f - 10 rations


   Skills:
 + Level 7.2 Fighting
 + Level 11.6 Maces & Flails
 - Level 1.7 Throwing
 + Level 6.8 Armour
 + Level 4.3 Dodging
 * Level 7.0 Invocations
 * Level 4.9 Evocations


You had 10 spell levels left.
You didn't know any spells.
Your spell library contained the following spells:

 Spells                   Type           Power        Failure   Level  Hunger
 Animate Skeleton         Necr           N/A          100%        1    ##.....
 Magic Dart               Conj           #...         100%        1    ##.....
 Pain                     Necr           #...         100%        1    ##.....
 Blink                    Tloc           N/A          100%        2    ###....
 Call Imp                 Summ           #.......     100%        2    ###....
 Poisonous Vapours        Pois/Air       #.....       100%        2    ###....
 Slow                     Hex            #.......     100%        2    ###....
 Conjure Flame            Conj/Fire      #.......     100%        3    ####...
 Mephitic Cloud           Conj/Pois/Air  #.......     100%        3    ####...
 Regeneration             Chrm/Necr      #.........   100%        3    ####...
 Vampiric Draining        Necr           #.........   100%        3    ####...
 Animate Dead             Necr           N/A          100%        4    #####..
 Freezing Cloud           Conj/Ice/Air   #.........   100%        6    #######
 Ring of Flames           Chrm/Fire      #.........   100%        7    #######


Dungeon Overview and Level Annotations

Branches:
Dungeon (10/15)            Temple (1/1) D:6         Ossuary (visited)
   Lair: D:8-11         Orc: D:9-12

Altars:
Ashenzari
Cheibriados
Dithmenos
Elyvilon
Fedhas
Gozag
Hepliaklqana
Kikubaaqudgha
Makhleb
Nemelex Xobeh
Okawaru
Qazlal
Ru
Sif Muna
Trog
Uskayaw
Vehumet
Wu Jian
Xom
Yredelemnul
Zin
The Shining One

Shops:
D:8 (   D:9 =

Annotations:
D:8 1 runed translucent door, viiviliisa's ghost, novice MiMo


Innate Abilities, Weirdness & Mutations

You are completely covered in thin metallic scales. (AC +4, rElec)
A weak demonic guardian rushes to your aid.
You are slightly more attuned to the shadows.


Message History

Your shadow imp hits the yak.
The yak gores you but does no damage.
You hit the yak.
The yak is lightly wounded.
The yak gores you but does no damage.
Your shadow imp hits the yak.
The yak gores you.
* * * LOW HITPOINT WARNING * * *
You hit the yak but do no damage.
The yak is lightly wounded.
The yak gores you but does no damage.
Your shadow imp barely misses the yak.
The yak gores you but does no damage.
Your chain mail prevents you from hitting the yak.
The yak is lightly wounded.
The yak gores you!
* * * LOW HITPOINT WARNING * * *
Your shadow imp hits the yak.
You hit the yak.
The yak looks as sick as possible!
The yak is moderately wounded.
The yak gores you but does no damage. The yak gores you!
You die...
Fedhas appreciates your contribution to the ecosystem.

#..# #..# #.. #..#
#..# #..
#..########..####..
#.......)))........
#.......)..........
#..#####..####..###
#..# #..# #..# #YY#
#..# #..#
#5@#####..####..###
#5.................
#...5..............
###################


You could see 2 yaks, a friendly iron imp, a friendly quasit and a friendly
shadow imp.

Vanquished Creatures
  Gastronok (D:8)
  Erolcha (D:10)
  A two-headed ogre (D:10)
  2 trolls
  A hornet (D:9)
  Grinder (D:3)
  10 yaks
  A hungry ghost (D:8)
  3 ice beasts
  A necrophage (D:5)
  2 sky beasts
  8 orc warriors
  5 ogres
  2 phantoms
  3 centaurs
  2 big kobolds
  4 bullfrogs
  4 elf skeletons (D:5)
  A wyvern skeleton (D:8)
  A wyvern zombie (D:10)
  4 scorpions
  2 water moccasin skeletons
  3 killer bees (D:8)
  A howler monkey (D:8)
  6 crimson imps
  A quasit (D:10)
  A bullfrog zombie (D:8)
  7 centaur zombies
  2 jellies
  2 human skeletons (D:5)
  2 human zombies (D:5)
  8 orc priests
  2 bullfrog skeletons
  4 hounds
  11 orc wizards
  Natasha (D:2)
  4 iguanas
  4 worker ants
  A hound zombie (D:6)
  7 mummies (Ossuary)
  2 worker ant zombies
  Robin (D:4)
  7 adders
  A gnoll (D:5)
  A shadow imp (D:10)
  2 oozes
  4 adder zombies
  An adder skeleton (D:5)
  4 worms
  A dart slug (D:1)
  A leopard gecko (D:7)
  53 orcs
  5 giant cockroaches
  19 goblins
  8 hobgoblins
  17 jackals
  4 quokkas
  A ball python (D:8)
  6 bats
  5 frilled lizards
  A giant cockroach zombie (D:6)
  2 goblin zombies (Ossuary)
  3 hobgoblin zombies (Ossuary)
  14 kobolds
  11 kobold zombies (Ossuary)
  2 orc skeletons (D:5)
  2 quokka zombies (Ossuary)
  6 rats
  4 rat zombies (Ossuary)
315 creatures vanquished.

Vanquished Creatures (collateral kills)
  A cyclops (D:10)
  An ice beast (D:8)
  An ogre (D:5)
  4 bullfrogs
  An elf skeleton (D:5)
  A killer bee (D:5)
  2 howler monkeys (D:5)
  2 bullfrog zombies (D:8)
  An orc priest (D:6)
  Natasha (twice) (D:2)
  A shadow imp (D:8)
  A worm (D:3)
  9 orcs
  A kobold (D:8)
  A frilled lizard (D:4)
  A goblin (D:3)
30 creatures vanquished.

Grand Total: 345 creatures vanquished

Notes
Turn   | Place    | Note
-------+----------+-------------------------------------------
     0 | D:1      | Frank2 the Demonspawn Gladiator began the quest for the
                  | Orb.
     0 | D:1      | Reached XP level 1. HP: 16/16 MP: 1/1
   221 | D:1      | Reached skill level 3 in Maces & Flails
   221 | D:1      | Gained mutation: A weak demonic guardian rushes to your
                  | aid. [demonic ancestry]
   221 | D:1      | Reached XP level 2. HP: 14/22 MP: 2/2
  1126 | D:1      | Reached XP level 3. HP: 26/27 MP: 3/3
  1436 | D:2      | Found a faded altar of an unknown god.
  1514 | D:2      | Noticed Natasha
  1520 | D:2      | Killed Natasha
  1704 | D:2      | Found a hazy altar of Hepliaklqana.
  1719 | D:2      | Found an ancient bone altar of Kikubaaqudgha.
  1805 | D:2      | Reached skill level 1 in Armour
  1820 | D:2      | Found a shattered altar of Ashenzari.
  1830 | D:2      | Noticed Natasha
  1837 | D:2      | Killed Natasha
  1837 | D:2      | Reached XP level 4. HP: 31/34 MP: 4/4
  1856 | D:2      | Found a shadowy altar of Dithmenos.
  2101 | D:2      | Found an ornate altar of the Wu Jian Council.
  2331 | D:2      | Noticed Natasha
  2340 | D:2      | Killed Natasha
  2594 | D:3      | Reached skill level 4 in Maces & Flails
  2781 | D:3      | Reached XP level 5. HP: 38/39 MP: 5/5
  2811 | D:3      | Found a burning altar of Makhleb.
  3483 | D:3      | Reached XP level 6. HP: 22/46 MP: 6/6
  3704 | D:3      | Noticed Grinder
  3713 | D:3      | Paralysed by Grinder for 2 turns
  3722 | D:3      | Killed Grinder
  3722 | D:3      | Reached skill level 5 in Maces & Flails
  3820 | D:3      | HP: 2/47 [poisoned by a kobold]
  3828 | D:3      | HP: 2/47 [poisoned by a kobold]
  4170 | D:4      | Found a sacrificial altar of Ru.
  4221 | D:4      | Gained mutation: You are partially covered in thin metallic
                  | scales. (AC +2) [demonic ancestry]
  4221 | D:4      | Reached XP level 7. HP: 52/52 MP: 7/7
  4250 | D:4      | Noticed Robin
  4298 | D:4      | Killed Robin
  4322 | D:4      | Reached skill level 6 in Maces & Flails
  5326 | D:5      | Entered Level 5 of the Dungeon
  5425 | D:5      | Found an opulent altar of Gozag.
  5477 | D:5      | Found a sparkling altar of Nemelex Xobeh.
  5783 | D:5      | Gained mutation: You are slightly more attuned to the
                  | shadows. [demonic ancestry]
  5783 | D:5      | Reached XP level 8. HP: 37/60 MP: 8/8
  5803 | D:5      | Reached skill level 7 in Maces & Flails
  5826 | D:5      | Found a sand-covered staircase.
  5867 | Ossuary  | Entered an ossuary
  6133 | Ossuary  | Reached skill level 8 in Maces & Flails
  6691 | D:5      | Reached skill level 9 in Maces & Flails
  6714 | D:5      | Reached XP level 9. HP: 15/66 MP: 9/9
  7213 | D:6      | Found a staircase to the Ecumenical Temple.
  7245 | Temple   | Entered the Ecumenical Temple
  7370 | Temple   | Became a worshipper of Fedhas Madash
  7445 | D:6      | Found a glowing silver altar of Zin.
  7546 | D:6      | Reached skill level 5 in Fighting
  7721 | D:6      | Found a white marble altar of Elyvilon.
  7786 | D:6      | Reached skill level 5 in Armour
  8295 | D:7      | Reached skill level 1 in Invocations
  8295 | D:7      | Reached skill level 1 in Evocations
  8328 | D:7      | Reached * piety under Fedhas
  8650 | D:7      | Reached skill level 10 in Maces & Flails
  8784 | D:7      | Found a sparkling altar of Nemelex Xobeh.
  8825 | D:8      | Found a snail-covered altar of Cheibriados.
  8924 | D:8      | Found Lyarch's Antique Weapon Boutique.
  9047 | D:8      | Reached ** piety under Fedhas
  9061 | D:8      | Gained mutation: You are mostly covered in thin metallic
                  | scales. (AC +3) [demonic ancestry]
  9061 | D:8      | Reached XP level 10. HP: 53/74 MP: 12/12
  9165 | D:8      | Found a hide-covered altar of Uskayaw.
  9606 | D:8      | Found a runed translucent door.
  9607 | D:8      | Found a shimmering altar of Xom.
  9607 | D:8      | Noticed a +2 flail of chaos
  9607 | D:8      | Noticed viiviliisa's ghost (novice MiMo)
  9631 | D:8      | Noticed Gastronok
  9653 | D:8      | Killed Gastronok
  9876 | D:8      | Found a shimmering blue altar of Sif Muna.
  9902 | D:8      | Bought a dazzling flail for 246 gold pieces
  9970 | D:9      | Reached skill level 5 in Invocations
 10535 | D:9      | Identified the +6 flail "Monleda" {venom, rC+} (You bought
                  | it in a shop on level 8 of the Dungeon)
 10556 | D:9      | Paralysed by a hornet for 1 turns
 10654 | D:9      | Reached *** piety under Fedhas
 10936 | D:9      | Reached skill level 11 in Maces & Flails
 11026 | D:9      | Found an iron altar of Okawaru.
 11170 | D:9      | Found Toruon's Jewellery Boutique.
 11582 | D:10     | Entered Level 10 of the Dungeon
 11658 | D:10     | Gained mutation: You are completely covered in thin
                  | metallic scales. (AC +4, rElec) [demonic ancestry]
 11658 | D:10     | Reached XP level 11. HP: 72/83 MP: 15/15
 11971 | D:10     | Noticed Erolcha
 11971 | D:10     | Noticed a two-headed ogre
 11980 | D:10     | Killed a two-headed ogre
 11980 | D:10     | Reached **** piety under Fedhas
 11985 | D:10     | Killed Erolcha
 12203 | D:10     | Slain by a yak

Levels and vault maps discovered:
D:1:      eino_arrival_cavern_a, layout_loops_corners, corner_web_ring
D:2:      layout_loops_corners, old_standard_altar, overflow_temple_1_default,
          grunt_dithmenos_smoke, lemuel_coloured_pillars_altar,
          nicolae_overflow_crystal_walls, chequers_ecumenical_altar_simple,
          serial_bayou_pond_c, chequers_arboretum,
          minmay_misc_feat_four_crosses, uniq_natasha
D:3:      layout_loops_ring, lemuel_crystal_altar,
          minmay_randomly_rotated_circles, uniq_grinder
D:4:      layout_layer_cave, nicolae_ru_sacrificial_ziggurat, first_ration,
          minmay_misc_feat_rows, minmay_puff, uniq_robin
D:5:      kennysheep_windowed_halls, layout_rooms, grunt_gozag_statues,
          basic_altar, nicolae_ossuary_entry_catacombs, minmay_strange_pillars
D:6:      layout_loops_ring, overflow_temple_1_default,
          minmay_temple_entry_hall, elyvilon_altar_3
D:7:      layout_cave_pools, lemuel_round_altar
D:8:      layout_cave_pools, eat_drink_and_be_merry_uskayaw,
          lemuel_blue_sif_altar, ebering_ghost_xom, basic_altar, serial_shops,
          nicolae_shop_crystal, uniq_gastronok
D:9:      layout_basic, nicolae_overflow_hidden_temple, serial_corexii_hall,
          corexii_hall_statues_l, corexii_hall_statues_i,
          chequers_hall_statues_y, corexii_hall_statues_s, serial_shops, shop
D:10:     layout_small_grid, hangedman_fish_farm, lightli_minifort, uniq_erolcha
Temple:   nicolae_temple_figure_zero

Skill      XL: |  1  2  3  4  5  6  7  8  9 10 11 |
---------------+----------------------------------+-----
Maces & Flails | 3 4 5 6 9 10 11 | 11.6
Dodging        | 3 4 |  4.3
Armour         | 1 2 3 4 5 6 |  6.8
Fighting       | 3 4 5 6 7 |  7.2
Invocations    | 3 6 7 |  7.0
Evocations     | 2 4 |  4.9
Throwing       | |  1.7

Action                   |  1- 3 |  4- 6 |  7- 9 | 10-12 || total
-------------------------+-------+-------+-------+-------++-------
Melee: Flail             |   110 |    95 |       |   222 ||   427
       Morningstar       |       |    68 |   711 |   126 ||   905
Throw: Throwing net      |       |     1 |       |       ||     1
Evoke: Wand              |       |       |     7 |     4 ||    11
  Use: Scroll            |     6 |     5 |    15 |     6 ||    32
       Potion            |     1 |       |     5 |     7 ||    13
 Stab: Sleeping          |     1 |       |       |       ||     1
       Distracted        |       |       |     3 |     6 ||     9
  Eat: Chunk             |     2 |     5 |    10 |    11 ||    28
       Ration            |       |     1 |     3 |       ||     4
Armor: Leather armour    |    21 |       |       |       ||    21
       Chain mail        |     4 |   103 |   504 |   265 ||   876
Dodge: Dodged            |    93 |    66 |   267 |   153 ||   579
